 Dungeon Crawl Stone Soup version 0.21.1-1-g345015f (webtiles) character file.

242 thiefofnight the Shield-Bearer (level 5, 0/47 HPs)
             Began as a Minotaur Fighter on May 1, 2018.
             Slain by a gnoll
             ... wielding a +0 halberd
              (5 damage)
             ... on level 3 of the Dungeon.
             The game lasted 00:05:16 (2101 turns).

thiefofnight the Shield-Bearer (Minotaur Fighter)   Turns: 2101, Time: 00:05:21

Health: 0/47       AC:  7    Str: 22    XL:     5   Next: 81%
Magic:  4/4        EV:  8    Int:  5    God:
Gold:   68         SH: 10    Dex:  9    Spells: 4/4 levels left

rFire    . . .     SeeInvis .   a - +1 long sword
rCold    . . .     Gourm    .   c - +0 shield
rNeg     . . .     Faith    .   b - +0 scale mail
rPois    .         Spirit   .   (helmet restricted)
rElec    .         Reflect  .   (no cloak)
rCorr    .         Harm     .   (no gloves)
MR       .....                  (no boots)
Stlth    ..........             (no amulet)
HPRegen  0.15/turn              (no ring)
MPRegen  0.09/turn              (no ring)

@: no status effects
A: retaliatory headbutt, horns 2
a: no special abilities


You were on level 3 of the Dungeon.
You were hungry.

You visited 1 branch of the dungeon, and saw 3 of its levels.

You collected 68 gold pieces.

Inventory:

Hand Weapons
 a - a +1 long sword (weapon)
Armour
 b - a +0 scale mail (worn)
 c - a +0 shield (worn)
Jewellery
 i - a cursed ring of teleportation {unknown}
Scrolls
 h - a scroll of teleportation {unknown}
Potions
 d - 2 potions of might
 e - 2 potions of resistance {unknown}
Comestibles
 f - 4 rations


   Skills:
 + Level 4.3 Fighting
 + Level 4.2 Long Blades
 + Level 4.9 Armour
 + Level 1.3 Dodging
 + Level 5.4 Shields


You had 4 spell levels left.
You didn't know any spells.

Dungeon Overview and Level Annotations

Branches:
Dungeon (3/15)

Altars:
Ru


Innate Abilities, Weirdness & Mutations

You reflexively headbutt those who attack you in melee.
You have a pair of horns on your head.


Message History

The ice beast hits you. The ice beast freezes you!
You block the gnoll's attack.
You slash the ice beast!
The ice beast is heavily wounded.
You block the ice beast's attack. The gnoll closely misses you.
You hit the ice beast.
The ice beast is heavily wounded.
The ice beast hits you. The ice beast freezes you!
The gnoll hits you from afar with a halberd.
You hit the ice beast. Your headbutt misses the ice beast.
The ice beast is severely wounded.
The ice beast hits you but does no damage.
The gnoll closely misses you. You block the ice beast's attack.
Your shield and scale mail prevent you from hitting the ice beast.
You headbutt the ice beast!
The ice beast is almost dead.
The ice beast hits you. The ice beast freezes you!
* * * LOW HITPOINT WARNING * * *
The gnoll hits you from afar with a halberd.
You die...

#..##.#
#.....#####
#...###....# #..
#....# . ###.
#....# #.. #..
###....# #..#..
#......#
#.....####.#....#
#..†wY@.#....#
........g#########
..#...##.# #...
#g# #.. #.. #.?
##.. .. ## ###


You could see an ice beast, a gnoll and a dart slug.

Vanquished Creatures
  A hound (D:3)
  2 orc priests (D:2)
  An orc wizard (D:2)
  Natasha (D:2)
  2 gnolls (D:3)
  An adder (D:2)
  2 oozes
  2 worms (D:2)
  2 leopard geckos
  2 orcs (D:2)
  A ball python (D:1)
  4 giant cockroaches
  3 goblins
  10 hobgoblins
  3 jackals (D:2)
  3 bats
  2 frilled lizards (D:2)
  7 kobolds
  5 rats
54 creatures vanquished.

Notes
Turn   | Place    | Note
-------+----------+-------------------------------------------
     0 | D:1      | thiefofnight the Minotaur Fighter began the quest for the Orb.
     0 | D:1      | Reached XP level 1. HP: 19/19 MP: 0/0
   194 | D:1      | Reached XP level 2. HP: 25/27 MP: 1/1
   725 | D:1      | Reached skill level 4 in Shields
  1077 | D:2      | Noticed Natasha
  1080 | D:2      | Noticed a crimson imp
  1084 | D:2      | Killed Natasha
  1084 | D:2      | Reached XP level 3. HP: 25/33 MP: 2/2
  1162 | D:2      | Reached skill level 5 in Shields
  1162 | D:2      | Reached XP level 4. HP: 18/40 MP: 3/3
  1172 | D:2      | Reached XP level 5. HP: 12/46 MP: 4/4
  1610 | D:2      | Found a sacrificial altar of Ru.
  2090 | D:3      | Reached skill level 1 in Dodging
  2091 | D:3      | Noticed an ice beast
  2101 | D:3      | Slain by a gnoll

Skill      XL: |  1  2  3  4  5 |
---------------+----------------+-----
Armour         | 4 |  4.9
Fighting       | 4 |  4.3
Shields        | 4 5 |  5.4
Long Blades    | 3 4 |  4.2
Dodging        | 1 |  1.3

Action                   |  1- 3 |  4- 6 || total
-------------------------+-------+-------++-------
Melee: Long sword        |    61 |    65 ||   126
       Headbutt          |    12 |    13 ||    25
  Use: Scroll            |     5 |       ||     5
  Eat: Chunk             |     1 |     2 ||     3
Armor: Scale mail        |    24 |    34 ||    58
Dodge: Dodged            |    30 |    29 ||    59
Block: Shield            |    39 |    38 ||    77
       Rpst.: Long sword |     7 |     7 ||    14
